 Dungeon Crawl Stone Soup version 0.30-a0-1018-g25214051b3 (webtiles) character file.

Game seed: 6244937129519417387

9415 jimonade the Protected (level 11, 0/86 HPs)
             Began as a Formicid Fighter on Apr 7, 2023.
             Was a Believer of Wu Jian.
             Slain by a two-headed ogre
             ... wielding a +0 giant club
              (16 damage)
             ... on level 11 of the Dungeon.
             The game lasted 00:28:30 (14675 turns).

jimonade the Protected (Formicid Fighter)          Turns: 14675, Time: 00:28:30

Health: 0/86       AC: 18    Str: 21    XL:     11   Next: 74%
Magic:  0/11       EV: 11    Int: 12    God:    Wu Jian [**....]
Gold:   649        SH:  7    Dex: 13    Spells: 10/10 levels left

rFire   . . .      SeeInvis +    a - +1 hand axe (elec)
rCold   + + +      Faith    .    c - +1 buckler
rNeg    . . .      Spirit   +    L - +7 scale mail "Lexken" {-Cast rC++ rCorr SInv}
rPois   +          Reflect  .    (helmet unavailable)
rElec   .          Rampage  .    n - +0 cloak
rCorr   +          NoCast   +    (no gloves)
Will    +....                    D - +0 pair of boots Stlth
                                 d - amulet of guardian spirit
HPRegen 0.34/turn                s - ring of poison resistance
MPRegen 0.12/turn                J - ring of protection from cold

@: no status effects
A: permanent stasis, dig shafts and tunnels, antennae 3, four strong arms
a: Dig, Shaft Self, Renounce Religion, Wall Jump


You were on level 11 of the Dungeon.
You worshipped Wu Jian.
Wu Jian was pleased with you.
You visited 2 branches of the dungeon, and saw 12 of its levels.

You collected 649 gold pieces.

Inventory:

Hand Weapons
 a - a +1 hand axe of electrocution (weapon)
 o - a +2 heavy flail
 p - a +2 short sword of flaming
 t - the +3 falchion "Ydwupun" {heavy, Str+4}
   (You found it on level 11 of the Dungeon)

   Str:       It affects your strength (+4).
 u - a +0 spear
 B - a +0 halberd
 C - a +0 bardiche
 H - a +4 hand axe
 I - the +3 whip "Demon's Demise" {vamp, Int+3}
   (You found it on level 10 of the Dungeon)

   Int:       It affects your intelligence (+3).
 M - a +0 quarterstaff
 S - a +2 flail of protection
 T - a +4 short sword
 W - a +3 shortbow
Missiles
 l - 94 stones
 v - 52 poisoned darts (quivered)
 w - 9 boomerangs
 E - a throwing net
 U - 2 curare-tipped darts
Armour
 b - a +1 chain mail of fire resistance
 c - a +1 buckler (worn)
 e - a +0 ring mail
 n - a +0 cloak (worn)
 q - a +0 chain mail
 y - a +1 scale mail of cold resistance
 D - a +0 pair of boots (worn)
 L - the +7 scale mail "Lexken" (worn) {-Cast rC++ rCorr SInv}
   (You found it on level 10 of the Dungeon)

   rC:        It greatly protects you from cold.
   SInv:      It lets you see invisible.
   -Cast:     It prevents spellcasting.
   rCorr:     It protects you from acid and corrosion.
Magical Staves
 f - a staff of cold
 k - a staff of earth
Jewellery
 d - an amulet of guardian spirit (around neck)
 s - a ring of poison resistance (left hand)
 J - a ring of protection from cold (right hand)
 Q - a ring of positive energy
Wands
 N - a wand of mindburst (23)
 R - a wand of polymorph (7)
Scrolls
 g - a scroll of vulnerability {unknown}
 x - 4 scrolls of enchant armour
 K - 3 scrolls of identify
Potions
 h - 9 potions of curing
 i - 4 potions of mutation
 j - 4 potions of heal wounds
 m - 2 potions of berserk rage {unknown}
 r - 3 potions of brilliance
 z - a potion of flight {unknown}
 A - 2 potions of ambrosia {unknown}
 F - a potion of lignification {unknown}
 G - 3 potions of cancellation
 V - a potion of attraction {unknown}
 X - a potion of might


   Skills:
 + Level 7.9 Fighting
 + Level 6.5 Axes
 + Level 8.9 Staves
 + Level 0.7 Throwing
 + Level 10.3 Armour
 + Level 4.2 Dodging
 + Level 1.1 Stealth
 + Level 9.7 Shields
 - Level 0.2 Spellcasting
 - Level 0.3 Ice Magic


You had 10 spell levels left.
You didn't know any spells.
Your spell library contained the following spells:

 Spells                   Type           Power      Damage    Failure   Level
 Freeze                   Ice            0%         1d3       58%         1
 Apportation              Tloc           0%         N/A       65%         1
 Magic Dart               Conj           0%         1d3       65%         1
 Sting                    Tmut/Pois      0%         1d3       65%         1
 Poisonous Vapours        Pois/Air       0%         N/A       78%         2
 Searing Ray              Conj           0%         2d4       78%         2
 Frozen Ramparts          Ice            0%         1d1       92%         3
 Hailstorm                Conj/Ice       0%         3d3       94%         3
 Portal Projectile        Hex/Tloc       0%         N/A       95%         3
 Tukima's Dance           Hex            0%         N/A       95%         3
 Fulminant Prism          Conj/Hex       0%         3d5       100%        4
 Olgreb's Toxic Radiance  Pois           0%         N/A       100%        4
 Alistair's Intoxication  Tmut/Pois      0%         N/A       100%        5
 Blade Hands              Tmut           0%         N/A       100%        5


Dungeon Overview and Level Annotations

Branches:
Dungeon (11/15)            Temple (1/1) D:7            Lair (0/5) D:8
    Orc: D:9-12

Altars:
Ashenzari
Cheibriados
Dithmenos
Elyvilon
Fedhas
Gozag
Hepliaklqana
Kikubaaqudgha
Makhleb
Nemelex Xobeh
Okawaru
Qazlal
Ru
Sif Muna
Trog
Uskayaw
Vehumet
Wu Jian
Xom
Yredelemnul
Zin
The Shining One

Annotations:
D:6 3 runed translucent doors, gelatine's ghost, novice TeAE; jasper's ghost, amateur HOFi


Innate Abilities, Weirdness & Mutations

You cannot be hasted, slowed, berserked, paralysed or teleported.
You can dig through walls and to a lower floor.
You have a pair of large antennae on your head. (SInv)
Your four strong arms can wield two-handed weapons with a shield.


Message History

You hit the troll.
The troll is heavily wounded.
You block the troll's attack. The troll misses you. The troll claws you.
You hit the troll.
The troll is heavily wounded.
The troll bites you but does no damage. The troll barely misses you.
The troll closely misses you.
You slash the troll! Lightning courses through the troll!
The troll is severely wounded.
The troll bites you! The troll claws you. x2
You slash the troll!
The troll is almost dead.
The troll bites you! The troll barely misses you. x2
You hit the troll.
You kill the troll!
The Council accepts your kill.
You feel much better. The two-headed ogre barely misses you.
The two-headed ogre hits you but does no damage.
You slash the two-headed ogre!
The two-headed ogre is lightly wounded.
The two-headed ogre hits you with a +0 giant club.
The two-headed ogre hits you with a +0 giant club!
You slash the two-headed ogre!
The two-headed ogre is moderately wounded.
You barely miss the two-headed ogre.
The two-headed ogre is moderately wounded.
You block the two-headed ogre's attack. The two-headed ogre barely misses you.
You hit the two-headed ogre.
The two-headed ogre is moderately wounded.
The two-headed ogre hits you with a +0 giant club!
The two-headed ogre barely misses you.
You slash the two-headed ogre!
The two-headed ogre is heavily wounded.
You hit the two-headed ogre but do no damage.
Lightning courses through the two-headed ogre!
The two-headed ogre is severely wounded.
The two-headed ogre hits you with a +0 giant club!
* * * LOW HITPOINT WARNING * * *
The two-headed ogre hits you with a +0 giant club!
You die...

#..# #.(# #..#
#..#
#########..####
#.............#
#..........##+#
#........###
#@######## #O#
#.# #.# #!# #.#
#.# #.#


You could see a two-headed ogre.

Vanquished Creatures
  A two-headed ogre (D:7)
  Pikel (D:4)
  2 unseen horrors (D:10)
  2 trolls (D:11)
  Grinder (D:4)
  A wyvern (D:8)
  Sigmund (D:6)
  2 basilisks (D:8)
  A wraith (D:11)
  12 yaks
  A vampire (D:11)
  Menkaure (D:4)
  Duvessa (D:5)
  A sky beast (D:6)
  4 orc warriors
  4 ice beasts
  An ogre (D:4)
  4 centaurs
  2 wolves (D:8)
  A phantom (D:6)
  5 kobold brigands
  5 bullfrogs
  2 scorpions
  6 wights
  14 killer bees
  An electric eel (D:9)
  5 howler monkeys
  2 hounds
  4 jellies
  9 orc priests
  2 sleepcaps
  6 iguanas
  5 orc wizards
  2 centaur simulacra (D:9)
  3 gnolls (D:3)
  13 adders
  A shadow imp (D:5)
  3 white imps
  3 ufetubi
  A worm (D:3)
  4 dart slugs
  41 orcs
  9 endoplasms
  2 giant cockroaches
  13 hobgoblins
  4 jackals
  4 quokkas
  6 ball pythons
  9 bats
  5 frilled lizards
  6 goblins
  35 kobolds
  8 rats
282 creatures vanquished.

Vanquished Creatures (others)
  4 plants (D:7)
4 creatures vanquished.

Grand Total: 286 creatures vanquished

Notes
Turn   | Place    | Note
-------+----------+-------------------------------------------
     0 | D:1      | jimonade the Formicid Fighter began the quest for the Orb.
     0 | D:1      | Reached XP level 1. HP: 18/18 MP: 1/1
   425 | D:1      | Reached XP level 2. HP: 22/24 MP: 2/2
   930 | D:1      | Reached XP level 3. HP: 28/29 MP: 3/3
  1368 | D:2      | Reached XP level 4. HP: 34/36 MP: 4/4
  1843 | D:2      | Reached XP level 5. HP: 41/42 MP: 5/5
  1902 | D:2      | Reached skill level 1 in Dodging
  2027 | D:2      | Found a basalt altar of Yredelemnul.
  2307 | D:3      | Reached skill level 4 in Armour
  2393 | D:3      | Reached XP level 6. HP: 23/48 MP: 6/6
  2888 | D:3      | Found a faded altar of an unknown god.
  3812 | D:4      | Noticed an ogre
  3834 | D:4      | Killed an ogre
  3835 | D:4      | Reached skill level 5 in Shields
  3835 | D:4      | Reached XP level 7. HP: 44/54 MP: 7/7
  3839 | D:4      | Reached skill level 5 in Staves
  4132 | D:4      | Noticed Grinder
  4194 | D:4      | Killed Grinder
  4195 | D:4      | Reached skill level 5 in Armour
  4934 | D:5      | Entered Level 5 of the Dungeon
  4953 | D:5      | Reached XP level 8. HP: 15/60 MP: 8/8
  5122 | D:5      | Noticed Menkaure
  5145 | D:4      | Killed Menkaure
  5524 | D:5      | Noticed Pikel
  5564 | D:4      | Killed Pikel
  5565 | D:4      | Reached skill level 6 in Armour
  5733 | D:5      | Reached XP level 9. HP: 50/67 MP: 9/9
  6051 | D:5      | Identified the +3 leather armour of the Unbroken {+Inv
                  | rPois}
  6340 | D:5      | Noticed Duvessa
  6357 | D:5      | Killed Duvessa
  6358 | D:5      | Reached skill level 5 in Fighting
  6553 | D:6      | Noticed Sigmund
  7121 | D:6      | Reached skill level 7 in Armour
  7397 | D:6      | Found a runed translucent gate.
  7408 | D:6      | Found a runed translucent gate.
  7578 | D:6      | Found a runed translucent gate.
  7582 | D:6      | Noticed gelatine's ghost (novice TeAE)
  7582 | D:6      | Noticed jasper's ghost (amateur HOFi)
  7687 | D:6      | Killed Sigmund
  8435 | D:7      | Reached XP level 10. HP: 41/76 MP: 4/10
  8918 | D:7      | Reached skill level 8 in Armour
  9291 | D:7      | Reached skill level 1 in Axes
  9304 | D:7      | Noticed a two-headed ogre
  9350 | D:7      | Killed a two-headed ogre
  9351 | D:7      | Reached skill level 1 in Stealth
  9546 | D:7      | Found a staircase to the Ecumenical Temple.
  9559 | Temple   | Entered the Ecumenical Temple
  9822 | Temple   | Became a worshipper of the Wu Jian Council
 10784 | D:8      | Reached * piety under Wu Jian
 11308 | D:8      | Found a staircase to the Lair.
 11491 | D:8      | Reached skill level 9 in Armour
 11751 | D:8      | Reached XP level 11. HP: 84/84 MP: 11/11
 12554 | D:8      | Reached skill level 5 in Axes
 12800 | D:8      | Reached ** piety under Wu Jian
 13295 | D:9      | Reached skill level 10 in Armour
 13573 | D:9      | Found a blossoming altar of Fedhas.
 13758 | D:10     | Entered Level 10 of the Dungeon
 14032 | D:10     | Identified the +3 whip "Demon's Demise" {vamp, Int+3}
 14044 | D:10     | Identified the +7 scale mail "Lexken" {-Cast rC++ rCorr
                  | SInv}
 14397 | D:11     | Identified the +3 falchion "Ydwupun" {heavy, Str+4}
 14652 | D:11     | Noticed a two-headed ogre
 14675 | D:11     | Slain by a two-headed ogre

Illustrated notes

Levels and vault maps discovered:
D:1:      dpeg_arrival_circle_labyrinth_c, layout_loops_ring,
          serial_co_window_serial, co_window_paths_b, co_window_paths_a,
          co_window_corner_a, co_window_corner_a, co_window_corner_a,
          co_window_paths_a, co_window_of_opportunity_a,
          co_window_of_opportunity_a, co_window_paths_a, co_window_cross_2,
          co_window_corner_b, co_window_paths_e
D:2:      layout_loops_ring, basic_altar, serial_rivers,
          chequers_serial_rivers_small_a, chequers_serial_rivers_micro_a,
          chequers_serial_rivers_micro_d, chequers_serial_rivers_small_b,
          chequers_serial_rivers_micro_a, guppyfry_early_orc_mine
D:3:      layout_loops_ring, ebering_ecumenical_altar_webs
D:4:      layout_layer_cave, uniq_grinder
D:5:      layout_basic, minmay_starry_boxes, uniq_menkaure, uniq_duvessa,
          uniq_pikel
D:6:      layout_cave_pods, gammafunk_ghost_cemetery, sigmund_army
D:7:      layout_gridville, minmay_temple_entry_gardened_gates, eino_jars
D:8:      layout_loops_ring, david_lair_generic, grunt_ministairs_1,
          minmay_crystal_water
D:9:      layout_rooms, mainiacjoe_overflow_tiny_flanked, serial_ice,
          serial_ice_o, serial_ice_i, serial_ice_c, serial_ice_g,
          reono_crystal_passage
D:10:     layout_roguey
D:11:     layout_long_grid, kennysheep_nondescript, hangedman_decor_peaks_small
Temple:   compressed_dpeg_triangle_lava_temple

Skill      XL: |  1  2  3  4  5  6  7  8  9 10 11 |
---------------+----------------------------------+-----
Staves         | 3 4 5 6 8 |  8.9
Dodging        | 1 2 3 4 |  4.2
Armour         | 4 5 6 7 9 10 | 10.3
Fighting       | 4 6 7 |  7.9
Shields        | 5 6 7 8 9 |  9.7
Axes           | 4 6 |  6.5
Stealth        | 1 |  1.1
Throwing       | |  0.7
Spellcasting   | |  0.2
Ice Magic      | |  0.3

Action                     |  1- 3 |  4- 6 |  7- 9 | 10-12 || total
---------------------------+-------+-------+-------+-------++-------
  Melee: Quarterstaff      |    87 |   260 |   332 |    39 ||   718
         Hand axe          |       |       |       |   573 ||   573
  Throw: Boomerang         |       |     2 |       |       ||     2
         Dart              |       |       |       |     4 ||     4
Ability: Lunge             |       |       |       |    14 ||    14
         Whirlwind         |       |       |       |     9 ||     9
    Use: Scroll            |       |     4 |     3 |    10 ||    17
         Potion            |       |       |     2 |     1 ||     3
 Armour: Scale mail        |    44 |    81 |       |    37 ||   162
         Chain mail        |       |    27 |   144 |   270 ||   441
         Plate armour      |       |       |       |    21 ||    21
  Dodge: Dodged            |    51 |   123 |   154 |   289 ||   617
  Block: Buckler           |    24 |    82 |   125 |   222 ||   453

Table legend: (Time is in decaauts)
 A = Elapsed time spent in this place.
 B = Non-inter-level travel time spent in this place.
 C = Inter-level travel time spent in this place.
 D = Time resting spent in this place.
 E = Time spent auto-exploring this place.
 F = Levels seen in this place.
 G = Mean time per level.
                   A        B        C        D        E       F      G
               +--------+--------+--------+--------+--------+-----+--------+
         Total |  14826 |  14234 |    592 |   3413 |   6863 |  12 | 1235.5 |
       Dungeon |  14549 |  13991 |    558 |   3413 |   6636 |  11 | 1322.6 |
        Temple |    276 |    242 |     34 |      0 |    227 |   1 |  276.0 |
               +--------+--------+--------+--------+--------+-----+--------+

Top non-repeatable levels by time:
     D:8: 2320 daAuts
     D:4: 1980 daAuts
     D:6: 1929 daAuts
     D:7: 1887 daAuts
     D:1: 1320 daAuts
     D:3: 1247 daAuts
     D:5: 1182 daAuts
     D:2: 1062 daAuts
     D:9: 698 daAuts
    D:10: 688 daAuts
  Temple: 276 daAuts
    D:11: 231 daAuts
